 Dungeon Sprint DCSS version 0.27.1-1-g398f81649c (webtiles) character file.

Game seed: 2517751289463821251

5278 styxcanada the Imperceptible (level 10, 0/53 HPs)
             Began as a Spriggan Brigand on Sept 10, 2021.
             Was an Initiate of Gozag.
             Slain by a spriggan (13 damage)
             ... in the Dungeon (Sprint IV: "Fedhas' Mad Dash").
             The game lasted 00:08:20 (1194 turns).

styxcanada the Imperceptible (Spriggan Brigand)     Turns: 1194, Time: 00:08:20

Health: 0/53       AC:  5    Str:  7    XL:     10   Next: 36%
Magic:  23/23      EV: 25    Int: 17    God:    Gozag
Gold:   1938       SH:  0    Dex: 19    Spells: 25/25 levels left

rFire    + + .     SeeInvis +   a - +3 dagger
rCold    x . .     Faith    .   (shield restricted)
rNeg     . . .     Spirit   .   x - +3 robe "Iroadgh" {rPois rF+ Int+3}
rPois    +         Reflect  .   (helmet restricted)
rElec    .         Harm     .   w - scarf {repulsion}
rCorr    .         Rampage  .   (gloves unavailable)
Will     +....     NoTele   +   (boots unavailable)
Stlth    +++++++++.             m - amulet of invisibility {+Inv}
HPRegen  0.17/turn              p - ring of poison resistance
MPRegen  0.18/turn              u - ring of fire

@: on berserk cooldown, slightly contaminated, slowed, invisible (expiring),
repel missiles, quick
A: very small, no large weapons, unfitting armour, see invisible, speed 3
a: Renounce Religion, Evoke Invisibility, Potion Petition, Call Merchant, Bribe
Branch


You were in the Dungeon.
You worshipped Gozag.
Gozag was most pleased with you.
You visited 1 branch You collected 2163 gold pieces.
You spent 225 gold pieces at shops.

Inventory:

Hand Weapons
 a - a +3 dagger (weapon)
 l - a +0 hunting sling
Missiles
 e - a curare-tipped dart (quivered)
Armour
 c - a +1 cloak
 w - a scarf of repulsion (worn)
 x - the +3 robe "Iroadgh" (worn) {rPois rF+ Int+3}
   (You found it in the Dungeon)

   Int:       It affects your intelligence (+3).
   rF:        It protects you from fire.
   rPois:     It protects you from poison.
Magical Staves
 o - a staff of poison
Jewellery
 m - the amulet of invisibility (around neck) {+Inv}
   (You found it in the Dungeon)

   [amulet of nothing]

   +Inv:      It lets you turn invisible.
 n - an amulet of magic regeneration
 p - a ring of poison resistance (left hand)
 u - a ring of fire (right hand)
Scrolls
 b - a scroll of magic mapping
 k - 2 scrolls of blinking
 t - a scroll of amnesia
Potions
 f - a potion of curing
 g - a potion of heal wounds
 h - 2 potions of haste
 i - 2 potions of magic


   Skills:
 * Level 6.9 Fighting
 + Level 6.4 Short Blades
 + Level 5.0 Throwing
 * Level 10.5 Dodging
 * Level 24.4 Stealth
 * Level 8.2 Spellcasting
 * Level 11.0 Evocations


You had 25 spell levels left.
You didn't know any spells.
Your spell library contained the following spells:

 Spells                   Type           Power      Damage    Failure   Level
 Foxfire                  Conj/Fire      40%        2x1d6     11%         1
 Conjure Flame            Conj/Fire      10%        6-21      30%         3
 Frozen Ramparts          Ice            14%        1d3       30%         3
 Inner Flame              Hex/Fire       10%        N/A       30%         3
 Ice Form                 Ice/Tmut       7%         N/A       71%         4
 Summon Ice Beast         Ice/Summ       7%         N/A       71%         4


Dungeon Overview and Level Annotations

Branches:
Dungeon (1/1)

Altars:
Cheibriados
Dithmenos
Elyvilon
Gozag
Hepliaklqana
Kikubaaqudgha
Makhleb
Nemelex Xobeh
Okawaru
Qazlal
Ru
Sif Muna
Trog
Uskayaw
Vehumet
Wu Jian
Xom
Yredelemnul
Zin
The Shining One
Beogh
Jiyva
Lugonu

Shops:
D *[((=


Innate Abilities, Weirdness & Mutations

You are very small and have problems with some larger weapons.
You are too small for most types of armour.
You have supernaturally acute eyesight. (SInv)
You cover ground extremely quickly. (Speed+++)


Message History

You puncture the spriggan rider!
The spriggan rider is moderately wounded.
You closely miss the spriggan rider.
The spriggan rider is moderately wounded.
The spriggan rider hits you with a +0 spear!
* * * LOW HITPOINT WARNING * * *
You puncture the spriggan rider!
The spriggan rider is heavily wounded.
You puncture the spriggan rider!
The spriggan rider is severely wounded.
The spriggan rider barely misses you.
You puncture the spriggan rider!
The spriggan rider is severely wounded.
You miss the spriggan rider.
The spriggan rider is severely wounded.
The spriggan rider misses you.
You hit the spriggan rider.
The spriggan rider is severely wounded.
You puncture the spriggan rider!
You kill the hornet!
The spriggan falls from its now dead mount.
The spriggan is severely wounded.
Your Throwing skill increases to level 5!
You puncture the spriggan!
You kill the spriggan!
Your Evocations skill increases to level 11!
You now have 1938 gold pieces (gained 135).
e - a curare-tipped dart
Things that are here:
a +0 spear; a +0 dagger; a +0 robe You feel a strong urge to attack something.
You feel your anger nearly subside.
You are no longer berserk.
You are exhausted.
You feel yourself slow down.
The spriggan shouts!
You see here a curare-tipped dart.
You flicker for a moment.
The spriggan hits you with a +0 short sword!
You die...
Your body crumbles into a pile of gold.

################################*
..#.⌠._._._._.⌠.#..'.))#....##∩#*
..'.._._._._._..'..#...#....'))#*
..#..._._._._...#..###'##...##∩#$
'##.._._._._._..#..##∩∩.'...####*
..#._._._._._.⌠.#################
..###################....[(###...
###♣♣♣♣♣..♣.###(@i.(((.(..|(.'(..
|'......♣..♣##..#..#.P.....######
.#♣..♣♣♣.♣).###.##+##.P....#
.#.♣♣..♣...♣'.).#*,*########
#################,,,,,****
,,,,,,,,* ***,,*,,*,,,,***
,,,,,,,,*****,,,*,,,,,,*,,,****
,,,,,,,,,,,,,,,,,*,,,,,∩,∩,,,,*
,,,,,,,,,,*********************


You could see a spriggan.

Vanquished Creatures
  A spriggan druid (D)
  6 oklob plants (D)
  A demonic crawler (D)
  A queen bee (D)
  3 burning bushes (D)
  3 wandering mushrooms (D)
  A hornet (D)
  3 scorpions (D)
  4 killer bees (D)
  5 oklob saplings (D)
  4 spriggans (D)
  A river rat (D)
  A rat (D)
  A ballistomycete spore (D)
35 creatures vanquished.

Vanquished Creatures (others)
  A fungus (D)
1 creature vanquished.

Grand Total: 36 creatures vanquished

Notes
Turn   | Place    | Note
-------+----------+-------------------------------------------
     0 | D        | styxcanada the Spriggan Brigand began the quest for the
                  | Orb.
     0 | D        | Reached XP level 1. HP: 10/10 MP: 2/2
    16 | D        | Reached skill level 7 in Stealth
    16 | D        | Reached XP level 2. HP: 8/15 MP: 3/3
   168 | D        | Noticed an oklob sapling
   170 | D        | Killed an oklob sapling
   171 | D        | Reached skill level 9 in Stealth
   171 | D        | Reached XP level 3. HP: 18/18 MP: 4/4
   172 | D        | Noticed a scorpion
   172 | D        | Found the amulet of invisibility {+Inv}
   174 | D        | Killed a scorpion
   175 | D        | Reached skill level 12 in Stealth
   175 | D        | Reached XP level 4. HP: 23/23 MP: 5/5
   198 | D        | Found an opulent altar of Gozag.
   198 | D        | Found a hazy altar of Hepliaklqana.
   198 | D        | Found a burning altar of Makhleb.
   198 | D        | Found a sparkling altar of Nemelex Xobeh.
   198 | D        | Found a snail-covered altar of Cheibriados.
   198 | D        | Found a sacrificial altar of Ru.
   198 | D        | Found a shimmering blue altar of Sif Muna.
   198 | D        | Found a shimmering altar of Xom.
   198 | D        | Found a basalt altar of Yredelemnul.
   199 | D        | Found a viscous altar of Jiyva.
   199 | D        | Found a bloodstained altar of Trog.
   199 | D        | Found an ornate altar of the Wu Jian Council.
   200 | D        | Found an iron altar of Okawaru.
   200 | D        | Found a shadowy altar of Dithmenos.
   200 | D        | Found a glowing silver altar of Zin.
   201 | D        | Found an ancient bone altar of Kikubaaqudgha.
   201 | D        | Found a hide-covered altar of Uskayaw.
   202 | D        | Found a stormy altar of Qazlal.
   202 | D        | Found a white marble altar of Elyvilon.
   202 | D        | Found a glowing golden altar of the Shining One.
   203 | D        | Became a worshipper of Gozag Ym Sagoz the Greedy
   204 | D        | Found a corrupted altar of Lugonu.
   204 | D        | Found a radiant altar of Vehumet.
   208 | D        | Reached skill level 13 in Stealth
   208 | D        | Reached XP level 5. HP: 28/28 MP: 3/6
   220 | D        | Reached skill level 5 in Dodging
   220 | D        | Reached skill level 14 in Stealth
   251 | D        | Reached skill level 1 in Evocations
   253 | D        | Reached skill level 1 in Spellcasting
   254 | D        | Reached skill level 15 in Stealth
   254 | D        | Reached XP level 6. HP: 33/33 MP: 6/9
   272 | D        | Found Jace's Armour Shop.
   272 | D        | Found Konabun's Assorted Antiques.
   278 | D        | Bought a scroll labelled QIB OSURAITA for 25 gold pieces
   278 | D        | Bought a scroll labelled BUMO PITHREIFOD for 25 gold pieces
   278 | D        | Bought a scroll labelled GABUPNIPLYTIO for 25 gold pieces
   278 | D        | Bought a scroll labelled VIGUOVE FUSKOIVI for 25 gold
                  | pieces
   278 | D        | Bought a small coral ring for 125 gold pieces
   289 | D        | Noticed a burning bush
   289 | D        | Noticed a wandering mushroom
   290 | D        | Noticed a wandering mushroom
   293 | D        | Killed a burning bush
   294 | D        | Reached skill level 17 in Stealth
   294 | D        | Killed a wandering mushroom
   295 | D        | Reached skill level 18 in Stealth
   295 | D        | Reached XP level 7. HP: 38/38 MP: 7/14
   295 | D        | Killed a wandering mushroom
   296 | D        | Reached skill level 19 in Stealth
   296 | D        | Reached skill level 5 in Evocations
   310 | D        | Found Haogeec's Weapon Emporium.
   310 | D        | Found Keum's Weapon Shoppe.
   387 | D        | Noticed a queen bee
   394 | D        | Killed a queen bee
   395 | D        | Reached skill level 5 in Fighting
   395 | D        | Reached skill level 5 in Spellcasting
   395 | D        | Reached XP level 8. HP: 43/43 MP: 13/16
   397 | D        | Reached skill level 20 in Stealth
   470 | D        | Noticed an oklob plant
   473 | D        | Killed an oklob plant
   474 | D        | Reached skill level 5 in Short Blades
   484 | D        | Noticed a burning bush
   487 | D        | Killed a burning bush
   488 | D        | Reached skill level 21 in Stealth
   488 | D        | Reached XP level 9. HP: 47/47 MP: 17/19
   501 | D        | Identified the +3 robe "Iroadgh" {rPois rF+ Int+3}
   759 | D        | Noticed a burning bush
   759 | D        | Noticed an oklob plant
   760 | D        | Noticed a wandering mushroom
   761 | D        | Killed a burning bush
   766 | D        | Killed an oklob plant
   767 | D        | Reached skill level 22 in Stealth
   770 | D        | Killed a wandering mushroom
   817 | D        | Noticed a spriggan druid
   819 | D        | Killed a spriggan druid
   820 | D        | Reached skill level 23 in Stealth
  1001 | D        | Noticed an oklob plant conjurer
  1002 | D        | Killed an oklob plant conjurer
  1080 | D        | Noticed an oklob plant
  1080 | D        | Noticed an oklob plant summoner
  1081 | D        | Noticed an oklob plant shifter
  1085 | D        | Killed an oklob plant
  1086 | D        | Reached skill level 10 in Dodging
  1086 | D        | Reached skill level 10 in Evocations
  1086 | D        | Reached XP level 10. HP: 53/53 MP: 19/22
  1087 | D        | Killed an oklob plant summoner
  1090 | D        | Killed an oklob plant shifter
  1091 | D        | Reached skill level 24 in Stealth
  1140 | D        | Noticed a spriggan rider
  1141 | D        | Found Capoeq's Jewellery Emporium.
  1188 | D        | Reached skill level 5 in Throwing
  1194 | D        | Slain by a spriggan

Illustrated notes

Levels and vault maps discovered:
D:        dungeon_sprint_fedhas [sprint_temple]

Skill      XL: |  1  2  3  4  5  6  7  8  9 10 |
---------------+-------------------------------+-----
Dodging        | 2 3 4 5 7 8 10 | 10.5
Stealth        | 7 9 12 13 15 18 19 21 23 24 | 24.4
Fighting       | 2 3 4 5 6 |  6.9
Short Blades   | 3 4 5 6 |  6.4
Throwing       | 3 4 5 |  5.0
Evocations     | 2 4 5 7 10 11 | 11.0
Spellcasting   | 1 4 5 6 7 8 |  8.2

Action                   |  1- 3 |  4- 6 |  7- 9 | 10-12 || total
-------------------------+-------+-------+-------+-------++-------
Melee: Dagger            |    12 |     7 |    18 |    16 ||    53
Throw: Dart              |     6 |       |       |    10 ||    16
 Abil: Evoke Invisibilit |       |     2 |     6 |     1 ||     9
  Use: Scroll            |       |       |     5 |       ||     5
       Potion            |       |       |       |     1 ||     1
 Stab: Sleeping          |     3 |     7 |    18 |     3 ||    31
Dodge: Dodged            |     2 |       |       |    12 ||    14
